 Dungeon Crawl Stone Soup version 0.27.1-33-g824d729ab1 (webtiles) character file.

Game seed: 12796931438935441757

153 comborobin the Twirler (level 5, 0/40 HPs)
             Began as a Palentonga Gladiator on Dec 27, 2021.
             Was a Follower of Kikubaaqudgha.
             Succumbed to their own dark miasma
             ... on level 3 of the Dungeon.
             The game lasted 00:02:42 (3340 turns).

comborobin the Twirler (Palentonga Gladiator)       Turns: 3340, Time: 00:02:42

Health: 0/40       AC:  5    Str: 18    XL:     5   Next: 12%
Magic:  0/5        EV: 10    Int:  8    God:    Kikubaaqudgha [*.....]
Gold:   111        SH:  5    Dex: 12    Spells: 2/4 levels left

rFire    . . .     SeeInvis +   g - +2 dagger (pain)
rCold    . . .     Faith    .   (no shield)
rNeg     . . .     Spirit   .   b - +0 leather armour
rPois    .         Reflect  +   c - +0 helmet
rElec    .         Harm     .   (no cloak)
rCorr    .         Rampage  .   (no gloves)
Will     .....                  (no barding)
Stlth    +.........             j - amulet of reflection
HPRegen  0.13/turn              (no ring)
MPRegen  0.09/turn              (no ring)

@: lethally poisoned (0 -> -20)
A: large, rugged brown scales 3, see invisible, deformed body, roll 1, armoured
tail
a: Rolling Charge, Renounce Religion, Receive Corpses


You were on level 3 of the Dungeon.
You worshipped Kikubaaqudgha.
Kikubaaqudgha was aware of your devotion.
You visited 1 branch of the dungeon, and saw 3 of its levels.

You collected 111 gold pieces.

Inventory:

Hand Weapons
 a - a +0 quarterstaff
 f - a +2 vorpal mace
 g - a +2 dagger of pain (weapon)
 k - a +0 dagger of venom
Missiles
 d - 3 throwing nets (quivered)
Armour
 b - a +0 leather armour (worn)
 c - a +0 helmet (worn)
Jewellery
 j - an amulet of reflection (around neck)
Wands
 l - a wand of polymorph (10)
Scrolls
 e - 5 scrolls of teleportation
 h - a scroll of noise {unknown}
 i - a scroll of identify
 m - 2 scrolls of fear {unknown}


   Skills:
 - Level 2.0 Fighting
 - Level 2.9 Short Blades
 - Level 1.7(3.1) Maces & Flails
 - Level 4.1(4.3) Staves
 - Level 1.3 Throwing
 - Level 2.4 Dodging
 + Level 1.2 Necromancy


You had 2 spell levels left.
You knew the following spells:

 Your Spells              Type           Power      Damage    Failure   Level
a - Corpse Rot            Necr/Air       N/A        N/A       52%         2

Your spell library contained the following spells:

 Spells                   Type           Power      Damage    Failure   Level
 Pain                     Necr           8%         1d4       30%         1
 Sublimation of Blood     Necr           1%         N/A       43%         2
 Vampiric Draining        Necr           1%         2d6       67%         3


Dungeon Overview and Level Annotations

Branches:
Dungeon (3/15)

Altars:
Dithmenos
Elyvilon
Kikubaaqudgha
Vehumet
Yredelemnul


Innate Abilities, Weirdness & Mutations

You are completely covered in rugged brown scales. (AC +3, +7% HP)
You have supernaturally acute eyesight. (SInv)
Armour fits poorly on your strangely shaped body.
You can roll at nearby foes to attack.
You have a long armoured tail.


Message History

Okay, then.
Casting: Corpse Rot (dangerous; 54% risk of failure)
Confirm with . or Enter, or press ? or * to list all spells.
Okay, then.
Kikubaaqudgha delivers you corpses! The gnoll hits you with a +0 whip.
You see here a worm corpse.
Casting: Corpse Rot (dangerous; 54% risk of failure)
Confirm with . or Enter, or press ? or * to list all spells.
Okay, then.
The gnoll barely misses you.
You hit the gnoll.
The gnoll is lightly wounded.
You block the gnoll's attack. The gnoll completely misses you.
The gnoll closely misses you.
Casting: Corpse Rot (dangerous; 54% risk of failure)
Confirm with . or Enter, or press ? or * to list all spells.
You smell decay.
The gnoll is engulfed in dark miasma.
The gnoll is poisoned.
The gnoll seems to slow down.
The gnoll barely misses you. You block the gnoll's attack.
Unknown command.
Unknown command.
The gnoll hits you from afar with a +0 halberd!
The gnoll is engulfed in dark miasma.
The gnoll looks even sicker.
You kill the gnoll!
Kikubaaqudgha accepts your kill.
Your Necromancy skill increases to level 1!
Really walk into that cloud of foul pestilence?
Okay, then.
Really walk into that cloud of foul pestilence?
You are engulfed in dark miasma.
You are lethally poisoned!
* * * LOW HITPOINT WARNING * * *
You feel extremely sick.
* * * LOW HITPOINT WARNING * * *
You feel very sick.
You aren't carrying any potions.
Okay, then.
You die...
Kikubaaqudgha rasps: "You have failed me!
Welcome... death!"

.######.# ######## .#<..†..#
#....... .######.# #.###### . #.#
#.# . #.# #.# g### #.#
##########.###### ...# #.#
#................
.#.####.#########.#########......
.........ggg)...@................
.#.####.#########.######.........
.#.# #.# #...# #.# #.........
.#.####.###...###.######.........
..........'...'..........###'#+#.
##.......##...###.######.###.#.#+
.........########.######..##.#...
########.....................#...
##########.##.......###...


You could see 3 gnolls.

Vanquished Creatures
  A hound (D:3)
  2 gnolls
  5 adders
  2 worms (D:2)
  2 dart slugs
  5 ball pythons
  2 endoplasms
  4 giant cockroaches
  9 goblins
  2 hobgoblins
  6 kobolds
  A quokka (D:1)
  3 bats (D:1)
  4 frilled lizards
  3 rats
51 creatures vanquished.

Notes
Turn   | Place    | Note
-------+----------+-------------------------------------------
     0 | D:1      | comborobin the Palentonga Gladiator began the quest for the
                  | Orb.
     0 | D:1      | Reached XP level 1. HP: 17/17 MP: 1/1
     6 | D:1      | Noticed a ragged hierophant
     6 | D:1      | Noticed a tyrant leech
     6 | D:1      | Noticed an iguana
     7 | D:1      | Noticed a fire giant
   109 | D:1      | Reached XP level 2. HP: 15/23 MP: 2/2
   470 | D:1      | Reached skill level 4 in Staves
   770 | D:1      | Reached XP level 3. HP: 23/28 MP: 3/3
  1047 | D:2      | Reached skill level 1 in Maces & Flails
  1326 | D:2      | Found a faded altar of an unknown god.
  1434 | D:2      | Became a worshipper of Kikubaaqudgha
  1434 | D:2      | Reached * piety under Kikubaaqudgha
  1434 | D:2      | Received a gift from Kikubaaqudgha
  1667 | D:2      | Reached skill level 1 in Short Blades
  1863 | D:2      | Reached XP level 4. HP: 26/35 MP: 4/4
  2940 | D:3      | Learned a level 2 spell: Corpse Rot
  2992 | D:3      | Reached XP level 5. HP: 33/40 MP: 5/5
  3081 | D:3      | Found a white marble altar of Elyvilon.
  3082 | D:3      | Found a radiant altar of Vehumet.
  3082 | D:3      | Found a basalt altar of Yredelemnul.
  3086 | D:3      | Found a shadowy altar of Dithmenos.
  3338 | D:3      | Reached skill level 1 in Necromancy
  3340 | D:3      | Succumbed to their own dark miasma

Illustrated notes

Levels and vault maps discovered:
D:1:      onia_arrival_zoo_common, layout_loops_ring,
          ebering_dispersal_statue_hall
D:2:      layout_loops_cross, shapermc_ecumenical_altar_notcrosses
D:3:      layout_basic, grunt_temple_overflow_open

Skill      XL: |  1  2  3  4  5 |
---------------+----------------+-----
Staves         | 4 |  4.1
Maces & Flails | 1 |  1.7
Short Blades   | 1 2 |  2.9
Necromancy     | 1 |  1.2
Fighting       | |  2.0
Throwing       | |  1.3
Dodging        | |  2.4

Action                   |  1- 3 |  4- 6 || total
-------------------------+-------+-------++-------
Melee: Quarterstaff      |    36 |       ||    36
       Mace              |    36 |       ||    36
       Tailslap          |    10 |     3 ||    13
       Dagger            |    35 |    53 ||    88
 Cast: Corpse Rot        |       |     1 ||     1
Invok: Receive Corpses   |       |     1 ||     1
  Use: Scroll            |       |     2 ||     2
       Potion            |       |     2 ||     2
 Stab: Sleeping          |       |     1 ||     1
Armor: Leather armour    |    46 |    10 ||    56
Dodge: Dodged            |    46 |    27 ||    73
Block: Other             |    15 |    12 ||    27
       Reflection        |     1 |       ||     1
